 Dungeon Crawl Stone Soup version 0.21-a0-72-gbbb65ab (webtiles) character file.

35 Kidiri the Insei (level 3, 0/26 HPs)
             Began as a Demonspawn Transmuter on June 20, 2017.
             Succumbed to an adder's poison
             ... on level 2 of the Dungeon.
             The game lasted 00:04:24 (939 turns).

Kidiri the Insei (Demonspawn Transmuter)             Turns: 939, Time: 00:04:24

Health: 0/26       AC:  2    Str: 11    XL:     3   Next: 16%
Magic:  6/6        EV: 12    Int: 14    God:
Gold:   109        SH:  0    Dex: 13    Spells: 5/6 levels left

rFire    . . .     SeeInvis .     - Unarmed
rCold    . . .     Gourm    .   (no shield)
rNeg     . . .     Faith    .   b - +0 robe
rPois    .         Spirit   .   (helmet restricted)
rElec    .         Reflect  .   (no cloak)
rCorr    .         Harm     .   (no gloves)
MR       .....                  (no boots)
Stlth    +.........             e - amulet of regeneration
HPRegen  0.48/turn              (no ring)
MPRegen  0.10/turn              (no ring)

@: lethally poisoned (0 -> 0)
A: horns 1
a: no special abilities


You were on level 2 of the Dungeon.
You were not hungry.

You visited 1 branch of the dungeon, and saw 2 of its levels.

You collected 109 gold pieces.

Inventory:

Missiles
 a - 12 arrows
Armour
 b - a +0 robe (worn)
Jewellery
 e - an amulet of regeneration (around neck)
Wands
 f - a wand of clouds (1/9)
Scrolls
 j - a scroll of recharging
Books
 c - a book of Changes

   Spells                             Type                      Level
   a - Beastly Appendage              Transmutation                1
   b - Sticks to Snakes               Transmutation                2
   c - Spider Form                    Transmutation/Poison         3
   d - Ice Form                       Ice/Transmutation            4
   e - Blade Hands                    Transmutation                5
Comestibles
 d - a bread ration
 g - 2 royal jellies
 h - 2 chunks of flesh


   Skills:
 * Level 1.4 Fighting
 + Level 0.1 Armour
 * Level 2.1 Dodging
 + Level 0.4 Stealth
 * Level 3.2 Unarmed Combat
 * Level 2.1 Spellcasting
 * Level 1.8 Transmutations


You had 5 spell levels left.
You knew the following spells:

 Your Spells              Type           Power        Failure   Level  Hunger
a - Beastly Appendage     Tmut           #.....       11%         1    #......


Dungeon Overview and Level Annotations

Branches:
Dungeon (2/15)

Altars:


Innate Abilities, Weirdness & Mutations

You have a pair of small horns on your head.


Message History

* * * LOW HITPOINT WARNING * * *
You feel sick.
Unknown command.
Things that are here:
a wand of clouds (?/9); an adder corpse You butcher the adder corpse.
* * * LOW HITPOINT WARNING * * *
You feel sick.
Things that are here:
a wand of clouds (?/9); 2 chunks of flesh
f - a wand of clouds (?/9);
h - 2 chunks of flesh
* * * LOW HITPOINT WARNING * * *
You feel sick.
* * * LOW HITPOINT WARNING * * *
You feel sick.
Found 4 gold pieces.
* * * LOW HITPOINT WARNING * * *
You feel sick.
Unknown command.
You die...

#.# #.##.###.# #.#
#......#.######
#.###..#.#.#......#
#..##....#.#####.##
##.##.####.# #.#
##..#......# #.#
.......##### #.#
###....# #.#
#....###### #@#
##........# #.#
#.....##.# #.#
####..##.##.# #.#
..........#.# #.#
#####.#####.# #.#
#>......# #$#
######### #.# *,*


There were no monsters in sight!

Vanquished Creatures
  An adder (D:2)
  A dart slug (D:1)
  2 leopard geckos (D:1)
  2 giant cockroaches (D:1)
  4 goblins (D:1)
  2 hobgoblins (D:1)
  3 kobolds (D:1)
  A bat (D:1)
  A frilled lizard (D:1)
  3 rats (D:1)
20 creatures vanquished.

Notes
Turn   | Place    | Note
-------+----------+-------------------------------------------
     0 | D:1      | Kidiri the Demonspawn Transmuter began the quest for the Orb.
     0 | D:1      | Reached XP level 1. HP: 15/15 MP: 3/3
   264 | D:1      | Mutation became permanent: You have a pair of small horns on your head. [demonic ancestry]
   264 | D:1      | Gained mutation: You have a pair of horns on your head. [demonic ancestry]
   264 | D:1      | Reached XP level 2. HP: 16/21 MP: 3/5
   589 | D:1      | Reached skill level 3 in Unarmed Combat
   932 | D:2      | Reached XP level 3. HP: 2/26 MP: 6/6
   935 | D:2      | HP: 1/26 [poisoned by an adder]
   939 | D:2      | Succumbed to an adder's poison

Vault maps used:
D:1:      roderic_octagonal_star
D:2:      zin_academy, first_bread, minmay_small_reverse_x,
          uniq_crazy_yiuf_cottage, uniq_terence, uniq_jessica

Skill      XL: |  1  2 |
---------------+-------+-----
Dodging        | 2 |  2.1
Unarmed Combat | 3 |  3.2
Fighting       | |  1.4
Armour         | |  0.1
Stealth        | |  0.4
Spellcasting   | |  2.1
Transmutations | |  1.8

Action                   || total
-------------------------++-------
Melee: Unarmed           ||    88
       Kick              ||     7
       Headbutt          ||     7
 Cast: Beastly Appendage ||    12
  Use: Scroll            ||     6
       Potion            ||     1
Armor: Robe              ||    22
Dodge: Dodged            ||    44
